Map: Port Aleksander LE

Players

Death - Winner!

  • Race: Zerg Zerg
  • League: Silver
  • Spawn Location: 11:00

VOD

Have the link to the VOD?

Description

Time

  • Played on: Jan. 25, 2019, 9:51 p.m.
  • Length: 11:37
Show
View Real Time Build Order
Export as new Build Order

Death Zerg - Winner!

Build Orders:  

Get SALT Encoding   

  12  0:01  Drone  
  13  0:18  Overlord  
  13  0:31  Drone  
  14  0:43  Drone x2  
  14  0:49  Drone  
  17  1:17  Hatchery  
  16  1:25  Drone  
  17  1:45  Spawning Pool  
  17  1:46  Drone  
  17  2:06  Drone x3  
  20  2:26  Extractor  
  20  2:29  Drone  
  20  2:38  Overlord  
  20  2:51  Queen  
  22  3:07  Drone x2  
  24  3:10  Overlord  
  24  3:13  Drone  
  25  3:27  Drone  
  28  3:51  Drone x3  
  28  3:53  Queen  
  33  4:03  Queen  
  33  4:06  Drone x2  
  35  4:11  Drone  
  35  4:16  Overlord  
  35  4:17  Roach Warren  
  35  4:29  Drone  
  36  4:32  Evolution Chamber  
  35  4:41  Drone x4  
  35  4:42  Drone  
  40  4:58  Drone x3  
  43  5:04  Extractor  
  43  5:09  Overlord  
  42  5:14  Zerg Missile Weapons Level 1  
  42  5:42  Drone  
  42  5:43  Drone x6  
  42  5:44  Lair  
  42  5:47  Evolution Chamber  
  48  5:50  Roach  
  50  6:02  Roach  
  52  6:21  Overlord x5  
  52  6:28  Zerg Ground Armor Level 1  
  52  6:46  Roach x3  
  58  7:06  Roach x3  
  44  7:27  Drone  
  44  7:28  Drone x5  
  50  7:34  Roach  
  50  7:35  Roach x2  
  56  7:48  Glial Reconstitution  
  56  7:55  Zergling x2  
  56  7:56  Zergling x2  
  58  8:03  Roach  
  60  8:17  Roach  
  60  8:18  Roach  
  64  8:35  Roach  
  64  8:36  Roach x2  
  70  8:45  Queen x2  
  74  9:02  Roach  
  74  9:03  Roach x2  
  80  9:12  Roach  
  80  9:18  Drone  
  83  9:27  Roach  
  85  9:34  Queen  
  85  9:38  Roach  
  85  9:39  Roach  
  79  11:00  Roach  
  79  11:01  Roach x5  
Tags
 
Add a new tag
Caveats
  • Supply blocks, unpowered buildings, or Contaminate may cause inaccurate times.
  • Supply counts are checked every 10 seconds.